 Dungeon Crawl Stone Soup version 0.22.1-1-ga44c0e56f4 (webtiles) character file.

5847 Nygeryga the Cleaver (level 10, 0/151 HPs)
             Began as a Minotaur Berserker on Oct 13, 2018.
             Was a High Priest of Trog.
             Slain by an orc warrior
             ... wielding a +0 dire flail
              (4 damage)
             ... on level 8 of the Dungeon.
             The game lasted 00:20:58 (7522 turns).

Nygeryga the Cleaver (Minotaur Berserker)           Turns: 7522, Time: 00:20:59

Health: 0/151      AC: 21    Str: 30    XL:     10   Next: 51%
Magic:  9/9        EV:  8    Int:  4    God:    Trog [*****.]
Gold:   456        SH:  0    Dex: 10    Spells: 9/9 levels left

rFire    . . .     SeeInvis .   c - +0 flail (protect)
rCold    . . .     Gourm    .   (no shield)
rNeg     . . .     Faith    .   E - +0 plate armour
rPois    .         Spirit   .   (helmet restricted)
rElec    .         Reflect  .   v - +0 cloak
rCorr    .         Harm     .   x - +0 pair of gloves
MR       .....                  m - +0 pair of boots
Stlth    ..........             (no amulet)
HPRegen  0.35/turn              (no ring)
MPRegen  0.11/turn              (no ring)

@: berserking, protection aura, studying Long Blades, very quick
A: retaliatory headbutt, horns 2
a: Berserk, Trog's Hand, Brothers in Arms, Renounce Religion


You were on level 8 of the Dungeon.
You worshipped Trog.
Trog was extremely pleased with you.
You were hungry.

You visited 2 branches of the dungeon, and saw 9 of its levels.

You collected 456 gold pieces.

Inventory:

Hand Weapons
 a - a +1 hand axe
 c - a +0 flail of protection (weapon)
Armour
 b - a +0 animal skin
 h - a +0 chain mail
 k - a +0 centaur barding
 m - a +0 pair of boots (worn)
 v - a +0 cloak (worn)
 x - a +0 pair of gloves (worn)
 E - a +0 plate armour (worn)
Jewellery
 B - an uncursed ring of positive energy {unknown}
 G - a +4 ring of intelligence {unknown}
 H - an uncursed ring of protection from magic {unknown}
 J - an uncursed ring of ice {unknown}
Wands
 j - a wand of flame (79)
 y - a wand of digging (14)
 z - a wand of disintegration (11)
Scrolls
 d - 8 scrolls of identify
 l - 2 scrolls of fog
 n - 4 scrolls of remove curse
 p - 3 scrolls of teleportation
 q - 3 scrolls of blinking
 s - 2 scrolls of magic mapping
 u - 5 scrolls of immolation
 C - 3 scrolls of torment {unknown}
Potions
 e - 3 potions of curing {unknown}
 f - 3 potions of degeneration
 g - a potion of invisibility
 i - a potion of haste {unknown}
 o - 3 potions of lignification
 t - 2 potions of flight {unknown}
 w - a potion of might {unknown}
 A - a potion of agility {unknown}
 D - a potion of heal wounds {unknown}
 F - 2 potions of brilliance {unknown}
Books
 I - a manual of Long Blades
Comestibles
 r - 6 rations


   Skills:
 + Level 13.3 Fighting
 + Level 13.3 Axes
 - Level 2.4 Armour
 - Level 2.1 Dodging


You had 9 spell levels left.
You didn't know any spells.
Your spell library was empty.

Dungeon Overview and Level Annotations

Branches:
Dungeon (8/15)             Temple (1/1) D:6
   Lair: D:8-11

Altars:
Ashenzari
Cheibriados
Dithmenos
Elyvilon
Fedhas
Gozag
Hepliaklqana
Kikubaaqudgha
Makhleb
Okawaru
Qazlal
Ru
Sif Muna
Trog
Uskayaw
Vehumet
Wu Jian
Xom
Yredelemnul
Zin
The Shining One

Shops:
D:3 *   D:6 :

Annotations:
D:8 1 runed door, PeterQ's ghost, novice FeBe


Innate Abilities, Weirdness & Mutations

You reflexively headbutt those who attack you in melee.
You have a pair of horns on your head.


Message History

The two-headed ogre hits you with a dire flail!
* * * LOW HITPOINT WARNING * * *
The two-headed ogre hits you with a giant club!
* * * LOW HITPOINT WARNING * * *
You barely miss the two-headed ogre. You headbutt the two-headed ogre.
The two-headed ogre is almost dead.
The two-headed ogre hits you but does no damage.
The two-headed ogre hits you with a giant club!
* * * LOW HITPOINT WARNING * * *
You hit the two-headed ogre.
You kill the two-headed ogre!
Trog accepts your kill.
You closely miss the orc warrior.
The orc warrior hits you with a dire flail.
* * * LOW HITPOINT WARNING * * *
A red film seems to cover your vision as you go berserk!
You feel yourself moving faster!
You feel mighty!
You are feeling hungry.
The orc warrior hits you with a dire flail.
You die...

#.... ##...# ##.
#.... #... .# ..###
.....##... ..##....
##..##..# ..##..#
#..#..## ##..# ##
#..#...# ...###.
#..o..##. ##...#.#
#.@# #.. #......#
#..#..##.. ##...#.#
#..##..##.##..#....
#...##...#.†.##.#.#
#....##.....####..#
##....###.....###.#
..###.....##.....###.
.........####...#####
..####..###.##.##.# #


You could see an orc warrior.

Vanquished Creatures
  A centaur warrior (D:8)
  A two-headed ogre (D:8)
  Pikel (D:7)
  A manticore (D:8)
  Prince Ribbit (D:6)
  Sigmund (D:5)
  A vampire (D:8)
  A spriggan (D:8)
  2 orc warriors
  3 ice beasts
  A phantom (D:4)
  A slave (D:7)
  6 ogres
  A centaur (D:7)
  A big kobold (D:6)
  5 bullfrogs
  A wyvern zombie (D:6)
  3 scorpions
  9 killer bees (D:7)
  A howler monkey (D:5)
  A jelly (D:6)
  A centaur skeleton (D:8)
  A centaur zombie (D:7)
  2 hounds
  7 orc priests
  5 orc wizards
  3 iguanas
  4 worker ants
  A hound zombie (D:8)
  2 worker ant zombies
  8 adders
  An ooze (D:1)
  A worm (D:5)
  A dart slug (D:2)
  6 leopard geckos
  32 orcs
  7 bats
  12 giant cockroaches
  11 goblins
  9 hobgoblins
  4 jackals
  4 quokkas
  3 ball pythons
  2 frilled lizards
  A jackal zombie (D:6)
  16 kobolds
  A leopard gecko skeleton (D:8)
  12 rats
200 creatures vanquished.

Vanquished Creatures (others)
  A centaur skeleton (D:7)
  An adder (D:7)
  An orc (D:6)
3 creatures vanquished.

Grand Total: 203 creatures vanquished

Notes
Turn   | Place    | Note
-------+----------+-------------------------------------------
     0 | D:1      | Nygeryga the Minotaur Berserker began the quest for the
                  | Orb.
     0 | D:1      | Reached XP level 1. HP: 19/19 MP: 0/0
   181 | D:1      | Reached XP level 2. HP: 26/27 MP: 1/1
   506 | D:1      | Reached XP level 3. HP: 34/34 MP: 2/2
   634 | D:2      | Reached ** piety under Trog
   704 | D:2      | Found a shattered altar of Ashenzari.
   870 | D:2      | Found a deep blue altar of Sif Muna.
  1084 | D:2      | Found a bloodstained altar of Trog.
  1151 | D:2      | Found a burning altar of Makhleb.
  1616 | D:3      | Reached XP level 4. HP: 39/41 MP: 3/3
  1650 | D:3      | Reached skill level 5 in Axes
  1679 | D:3      | Reached skill level 5 in Fighting
  1976 | D:3      | Found an opulent altar of Gozag.
  1978 | D:3      | Found Gozag's Platinum Reserve.
  2270 | D:4      | Noticed a phantom
  2278 | D:4      | Reached XP level 5. HP: 48/48 MP: 4/4
  2293 | D:4      | Killed a phantom
  2293 | D:4      | Reached *** piety under Trog
  2332 | D:4      | Reached XP level 6. HP: 32/58 MP: 5/5
  2607 | D:4      | Found a glowing drain.
  2640 | D:4      | Found a sand-covered staircase.
  3049 | D:4      | Found an iron altar of Okawaru.
  3286 | D:4      | Reached XP level 7. HP: 52/66 MP: 6/6
  3464 | D:5      | Entered Level 5 of the Dungeon
  3529 | D:5      | Found a radiant altar of Vehumet.
  3814 | D:5      | Noticed Sigmund
  3839 | D:5      | Killed Sigmund
  4083 | D:5      | Found a snail-covered altar of Cheibriados.
  4222 | D:5      | Reached XP level 8. HP: 60/75 MP: 7/7
  4245 | D:5      | Found an ancient bone altar of Kikubaaqudgha.
  4743 | D:6      | Found Rilanwoc's Book Shop.
  4746 | D:6      | Found a staircase to the Ecumenical Temple.
  4763 | D:6      | Found a shimmering altar of Xom.
  4777 | D:6      | Reached **** piety under Trog
  5187 | D:6      | Reached skill level 10 in Fighting
  5187 | D:6      | Reached skill level 10 in Axes
  5580 | D:6      | Reached XP level 9. HP: 86/86 MP: 8/8
  5889 | D:6      | Noticed Prince Ribbit
  5894 | D:6      | Killed Prince Ribbit
  5935 | Temple   | Entered the Ecumenical Temple
  6206 | D:7      | Noticed Pikel
  6223 | D:7      | Killed Pikel
  6420 | D:7      | Reached ***** piety under Trog
  7060 | D:8      | Found a shimmering altar of Xom.
  7195 | D:8      | Found a runed door.
  7196 | D:8      | Noticed PeterQ's ghost (novice FeBe)
  7273 | D:8      | Found a sacrificial altar of Ru.
  7364 | D:8      | Noticed a centaur warrior
  7365 | D:8      | Noticed a manticore
  7374 | D:8      | Killed a centaur warrior
  7374 | D:8      | Reached XP level 10. HP: 100/100 MP: 9/9
  7378 | D:8      | Killed a manticore
  7507 | D:8      | Noticed a two-headed ogre
  7520 | D:8      | Killed a two-headed ogre
  7521 | D:8      | HP: 3/101 [orc warrior/dire flail (4)]
  7522 | D:8      | Slain by an orc warrior

Skill      XL: |  1  2  3  4  5  6  7  8  9 10 |
---------------+-------------------------------+-----
Fighting       | 4 5 6 7 8 10 12 13 | 13.3
Axes           | 4 5 6 7 8 10 12 13 | 13.3
Armour         | |  2.4
Dodging        | |  2.1

Action                   |  1- 3 |  4- 6 |  7- 9 | 10-12 || total
-------------------------+-------+-------+-------+-------++-------
Melee: Hand axe          |    99 |    48 |       |       ||   147
       Headbutt          |    12 |    18 |    57 |     7 ||    94
       Flail             |       |    71 |   288 |    36 ||   395
Invok: Berserk           |       |     4 |     5 |     1 ||    10
  Use: Scroll            |       |    10 |       |       ||    10
  Eat: Ration            |     1 |     1 |     2 |       ||     4
       Chunk             |       |     4 |    10 |     2 ||    16
Armor: Animal skin       |    12 |       |       |       ||    12
       Chain mail        |    16 |    68 |   192 |       ||   276
       Plate armour      |       |       |    29 |    19 ||    48
Dodge: Dodged            |    71 |    45 |   138 |     6 ||   260
